 Dungeon Crawl Stone Soup version 0.27-a0-1188-g73eefd5def (webtiles) character file.

Game seed: 4759601651011444173

12882 chippings the Fighter (level 11, -6/86 HPs)
             Began as a Mummy Gladiator on May 20, 2021.
             Was an Elder of Uskayaw.
             Splashed by Urug's acid (15 damage)
             ... on level 11 of the Dungeon.
             The game lasted 00:22:25 (12591 turns).

chippings the Fighter (Mummy Gladiator)            Turns: 12591, Time: 00:22:26

Health: -6/86      AC:  6    Str: 14    XL:     11   Next: 68%
Magic:  16/16      EV: 13    Int:  8    God:    Uskayaw [****..]
Gold:   625        SH:  0    Dex: 20    Spells: 6/10 levels left

rFire    + . .     SeeInvis .   e - +8 short sword (elec)
rCold    + . .     Faith    .   (no shield)
rNeg     + + +     Spirit   .   i - +3 ring mail {Will+}
rPois    ∞         Reflect  .   c - +0 helmet
rElec    +         Harm     .   (no cloak)
rCorr    .         Rampage  .   (no gloves)
Will     +++..                  r - +0 pair of boots
Stlth    +++.......             z - amulet "Monelon" {RegenMP rElec rF++ Str-4 Dex+4}
HPRegen  0.24/turn              b - ring of willpower
MPRegen  0.40/turn              s - +4 ring of slaying

@: about to teleport, corroded
A: cold resistance 1, negative energy resistance 3, torment resistance 2, heat
vulnerability 1, no potions
a: Renounce Religion, Stomp, Line Pass


You were on level 11 of the Dungeon.
You worshipped Uskayaw.
Uskayaw was noncommittal.
You visited 3 branches of the dungeon, and saw 14 of its levels.
You also visited: Ossuary and Bailey.

You collected 625 gold pieces.

Inventory:

Hand Weapons
 a - a +0 flail
 e - a +8 short sword of electrocution (weapon)
 w - a +0 rapier
Missiles
 d - 3 throwing nets
 h - 46 poisoned darts (quivered)
 k - 99 boomerangs
 q - 6 atropa-tipped darts
 t - 5 curare-tipped darts
 v - 2 javelins
Armour
 c - a +0 helmet (worn)
 i - a +3 ring mail of willpower (worn)
 r - a +0 pair of boots (worn)
 u - a +0 kite shield
 C - a +0 troll leather armour
 F - a +0 chain mail of fire resistance
Jewellery
 b - a ring of willpower (left hand)
 s - a +4 ring of slaying (right hand)
 z - the amulet "Monelon" (around neck) {RegenMP rElec rF++ Str-4 Dex+4}
   (You found it on level 8 of the Dungeon)

   [amulet of magic regeneration]

   It increases your rate of magic regeneration.
   It affects your strength (-4).
   It affects your dexterity (+4).
   It greatly protects you from fire.
   It insulates you from electricity.
 B - an amulet of reflection
Wands
 m - a wand of polymorph (12)
 n - a wand of digging (5)
 o - a wand of acid (4)
 p - a wand of mindburst (3)
 y - a wand of iceblast (4)
Scrolls
 f - 4 scrolls of amnesia
 g - 4 scrolls of identify
 j - 2 scrolls of noise
 l - a scroll of silence
 x - 2 scrolls of immolation
 A - 2 scrolls of teleportation
 E - a scroll of acquirement {unknown}
Miscellaneous
 D - a tin of tremorstones (2/2)


   Skills:
 - Level 8.0 Fighting
 - Level 8.0 Short Blades
 - Level 2.4 Maces & Flails
 - Level 1.5 Throwing
 + Level 5.5 Dodging
 + Level 7.9 Stealth
 + Level 7.8 Invocations
 - Level 4.0 Evocations


You had 6 spell levels left.
You knew the following spells:

 Your Spells              Type           Power      Damage    Failure   Level
a - Cause Fear            Hex            0%         N/A       100%        4

Your spell library contained the following spells:

 Spells                   Type           Power      Damage    Failure   Level
 Summon Small Mammal      Summ           0%         N/A       65%         1
 Call Imp                 Summ           0%         N/A       80%         2
 Call Canine Familiar     Summ           0%         N/A       95%         3
 Summon Guardian Golem    Hex/Summ       0%         N/A       95%         3
 Summon Ice Beast         Ice/Summ       0%         N/A       100%        4
 Summon Lightning Spire   Summ/Air       0%         N/A       100%        4
 Silence                  Hex/Air        0%         N/A       100%        5
 Yara's Violent Unravell  Hex/Tmut       0%         3d3       100%        5
 Discord                  Hex            0%         N/A       100%        8


Dungeon Overview and Level Annotations

Branches:
Dungeon (12/15)            Temple (1/1) D:6            Lair (0/6) D:11
    Orc (1/2) D:10        Ossuary (visited)          Bailey (visited)

Altars:
Cheibriados
Dithmenos
Elyvilon
Fedhas
Makhleb
Nemelex Xobeh
Okawaru
Qazlal
Ru
Uskayaw
Zin
The Shining One

Annotations:
D:5 1 runed translucent door, Crazy Yiuf
D:11 Urug


Innate Abilities, Weirdness & Mutations

You are immune to poison.
Your flesh is cold resistant. (rC+)
You are immune to negative energy. (rN+++)
You are immune to unholy pain and torment.
You are vulnerable to heat. (rF-)
You do not drink.


Message History

The orc knight is almost dead.
The orc knight seems less confused.
The orc knight barely misses you.
You hit the orc knight.
You kill the orc knight!
Things that are here:
a +0 great sword; a +0 plate armour; an orc corpse
Things that are here:
a +0 trident; a +0 plate armour; an orc corpse
Things that are here:
a +0 dagger; a +0 robe; an orc corpse An orc wizard comes into view.
It is wielding a +0 dagger.
The orc wizard shouts!
A catoblepas comes into view.
Things that are here:
a +0 hand axe; a +0 scale mail The orc wizard casts a spell at you.
The puff of flame misses you.
There is a fountain of sparkling water here.
Uskayaw prepares the audience for your solo!
The helpless orc wizard fails to defend itself.
You spit the orc wizard like a pig!!!
You kill the orc wizard!
Uskayaw will force your foes to share their pain.
Urug the Orcish Ballista comes into view.
She is wielding a +1 glaive of protection and carrying a wand of acid (10).
Things that are here:
a +0 dagger; a +0 robe
Aiming: Polymorph
Press: ? - help, Shift-Dir - straight line, f - Urug
Aim: Urug, wielding a +1 glaive of protection, wearing a +0 scale mail, quivering javelins and carrying a wand of acid (10) (will become a jumping spider, a torpor snail, or a redback, chance to affect: 40%) Urug resists with some effort.
Urug zaps a wand.
The bolt of acid hits you! The acid corrodes you!
You are splashed with acid!
Aiming: Polymorph
Press: ? - help, Shift-Dir - straight line, f/p - Urug
Aim: Urug, wielding a +1 glaive of protection, wearing a +0 scale mail, quivering javelins and carrying a wand of acid (9) (will become a jumping spider, a torpor snail, or a redback, chance to affect: 40%) Urug resists with some effort.
As you read the scroll of teleportation, it crumbles to dust.
You feel strangely unstable.
Urug zaps a wand.
The bolt of acid hits you!!
* * * LOW HITPOINT WARNING * * *
You are splashed with acid!
You die...

,* *,*,,*,,,,**...**,,,## ,*
*,*,,,,,,,**#.#**,,,.#
****,*,,,,***,*#.#*,*##.####
,,,,,*,,*,,***,#.#,*##.....#
****,*,,*...####.####).###.#
****,,*,#.....⌠)))..####.#
*,,,,,*...####.####....#.#
##*******,,***,#.#,*##...#.#
..,,,,,,,,***,*#@#*,*##..>.#
..,,,,,,,,,,,**#.#*#.....#.#
##********,,,**o..*#...#.#.#
,,**,,,,,**,,*..#..#..##.#.#
,,**,,,,,***,..#*#...#*#.#.#
,,**,,,,,**,.##**..##* #.#.#
,,**,,,,,**.#***#.## #.#.#
,,**,,,,,,..,,**..* #!#.#
,,**,,,,,*,^,,,,,** *,#.#


You could see Urug.

Vanquished Creatures
  A fire dragon (D:11)
  A boulder beetle (D:11)
  2 hydras
  2 two-headed ogres
  Sonja (D:11)
  An orc knight (D:11)
  2 trolls (D:10)
  A hornet (D:8)
  7 yaks
  3 wyverns (D:11)
  A vampire (D:8)
  A basilisk (D:11)
  A steam dragon (D:8)
  2 vampire mosquitoes (D:10)
  Menkaure (D:5)
  7 water moccasins
  4 orc warriors
  An ice beast (D:7)
  A black bear (D:6)
  A hornet zombie (D:7)
  2 necrophages (D:6)
  3 sky beasts
  An ogre (Orc:1)
  4 wolves (D:11)
  4 centaurs
  A phantom (D:5)
  2 kobold brigands
  2 bullfrogs (D:6)
  2 wyvern zombies
  4 scorpions
  A wyvern skeleton (D:6)
  4 electric eels (D:10)
  3 centaur zombies
  2 orc priests
  5 hounds (D:6)
  2 gnoll shamans
  A jelly (D:6)
  2 iguanas (D:7)
  Natasha (twice) (D:3)
  3 orc wizards
  A killer bee zombie (D:6)
  12 mummies
  3 howler monkey zombies
  26 gnolls
  8 adders
  A shadow imp (D:8)
  2 white imps (D:6)
  4 ufetubi
  2 worms
  25 orcs
  7 endoplasms
  A giant cockroach (D:1)
  5 goblins
  18 hobgoblins
  12 jackals
  A quokka (D:4)
  11 ball pythons
  6 bats
  6 frilled lizards
  4 gnoll skeletons (Ossuary)
  3 goblin skeletons (Ossuary)
  24 kobolds
  A kobold zombie (D:7)
  An orc skeleton (Ossuary)
  An orc zombie (D:7)
  3 rats
  11 rat skeletons (Ossuary)
290 creatures vanquished.

Vanquished Creatures (others)
  2 fungi (D:11)
  8 plants (D:11)
10 creatures vanquished.

Grand Total: 300 creatures vanquished

Notes
Turn   | Place    | Note
-------+----------+-------------------------------------------
     0 | D:1      | chippings the Mummy Gladiator began the quest for the Orb.
     0 | D:1      | Reached XP level 1. HP: 16/16 MP: 1/1
   165 | D:1      | Reached skill level 1 in Short Blades
   165 | D:1      | Reached XP level 2. HP: 21/22 MP: 2/2
   587 | D:1      | Reached XP level 3. HP: 28/28 MP: 3/3
   821 | D:1      | Found a faded altar of an unknown god.
  1623 | D:2      | Reached XP level 4. HP: 33/35 MP: 4/4
  2347 | D:3      | Found a large runed translucent door.
  2348 | D:3      | Found a large runed translucent door.
  2679 | D:3      | Found a blossoming altar of Fedhas.
  2697 | D:3      | Noticed Natasha
  2721 | D:3      | Killed Natasha
  2722 | D:3      | Reached XP level 5. HP: 24/41 MP: 5/5
  2940 | D:3      | Noticed Natasha
  2948 | D:3      | Killed Natasha
  3157 | D:3      | Found a hide-covered altar of Uskayaw.
  3157 | D:3      | Noticed a centaur
  3163 | D:3      | Killed a centaur
  3220 | D:3      | Became a worshipper of Uskayaw the Reveller
  3286 | D:4      | Reached * piety under Uskayaw
  3340 | D:4      | Found a sparkling altar of Nemelex Xobeh.
  3397 | D:4      | Reached XP level 6. HP: 44/48 MP: 6/6
  3400 | D:4      | Reached ** piety under Uskayaw
  3417 | D:5      | Entered Level 5 of the Dungeon
  3916 | D:5      | Reached skill level 1 in Stealth
  3916 | D:5      | Reached skill level 1 in Invocations
  3992 | D:5      | Reached *** piety under Uskayaw
  4365 | D:5      | Reached XP level 7. HP: 51/55 MP: 8/8
  4568 | D:5      | Noticed Menkaure
  4572 | D:5      | Killed Menkaure
  4573 | D:5      | Reached skill level 5 in Fighting
  4788 | D:5      | Found a runed translucent door.
  4789 | D:5      | Noticed Crazy Yiuf
  4926 | D:6      | Reached XP level 8. HP: 52/62 MP: 10/10
  4927 | D:6      | Reached **** piety under Uskayaw
  4929 | D:6      | Reached ***** piety under Uskayaw
  5146 | D:6      | Reached skill level 5 in Short Blades
  5653 | D:6      | Found a staircase to the Ecumenical Temple.
  5671 | Temple   | Entered the Ecumenical Temple
  6203 | D:7      | Reached XP level 9. HP: 53/71 MP: 12/12
  6315 | D:7      | Found a sand-covered staircase.
  6398 | Ossuary  | Entered an ossuary
  7362 | D:7      | Noticed a two-headed ogre
  7720 | D:7      | Reached skill level 5 in Invocations
  7729 | D:7      | Killed a two-headed ogre
  7730 | D:7      | Reached skill level 5 in Stealth
  8297 | D:8      | Identified the amulet "Monelon" {RegenMP rElec rF++ Str-4
                  | Dex+4}
  8415 | D:8      | Found an iron altar of Okawaru.
  8417 | D:8      | Noticed a six-headed hydra
  8439 | D:8      | Killed a six-headed hydra
  8440 | D:8      | Reached XP level 10. HP: 8/80 MP: 14/14
  9218 | D:9      | Reached skill level 1 in Evocations
  9411 | D:9      | Learned a level 4 spell: Cause Fear
  9516 | D:9      | Found a shadowy altar of Dithmenos.
  9782 | D:9      | Found a burning altar of Makhleb.
  9824 | D:9      | Found a snail-covered altar of Cheibriados.
  9921 | D:10     | Entered Level 10 of the Dungeon
 10119 | D:10     | Noticed a two-headed ogre
 10126 | D:10     | Killed a two-headed ogre
 10304 | D:10     | Found a stormy altar of Qazlal.
 10485 | D:10     | Found a staircase to the Orcish Mines.
 11106 | Orc:1    | Entered Level 1 of the Orcish Mines
 11120 | Orc:1    | Noticed a boulder beetle
 11134 | Orc:1    | Noticed an ice dragon
 11134 | Orc:1    | a boulder beetle changed into an ice dragon
 11135 | Orc:1    | HP: 2/80 [ice dragon/blast of cold (11)]
 11563 | D:11     | Noticed a six-headed hydra
 11571 | D:11     | Reached XP level 11. HP: 86/86 MP: 16/16
 11581 | D:11     | Killed a six-headed hydra
 11628 | D:11     | Found a staircase to the Lair.
 11628 | D:11     | Noticed Sonja
 11876 | D:11     | Killed Sonja
 11877 | D:11     | Reached skill level 5 in Dodging
 11879 | D:11     | Reached ****** piety under Uskayaw
 11918 | D:11     | Found a flagged portal.
 11921 | D:11     | Noticed a boulder beetle
 11931 | D:11     | Killed a boulder beetle
 11935 | Bailey   | Entered a bailey
 12561 | D:11     | Noticed a fire dragon
 12572 | D:11     | Killed a fire dragon
 12572 | D:11     | Noticed an orc knight
 12578 | D:11     | Killed an orc knight
 12583 | D:11     | Noticed a catoblepas
 12588 | D:11     | Noticed Urug
 12591 | D:11     | Splashed by Urug's acid

Illustrated notes

Levels and vault maps discovered:
D:1:      evilmike_arrival_crescent, layout_basic,
          ebering_ecumenical_altar_webs, nrook_campfire
D:2:      layout_basic
D:3:      layout_loops_cross, jmf_multi_god_temple2, fedhas_ov_isle_minmay,
          lemuel_tele_altar, item_on_display_a, uniq_natasha
D:4:      layout_cave_pools, amcnicky_altar_gilded,
          eino_small_chamber_without_monster
D:5:      layout_rooms, uniq_menkaure, uniq_crazy_yiuf_cottage
D:6:      minmay_recursive_quarters, layout_basic, minmay_temple_entry_arrows
D:7:      layout_gridville, nicolae_ossuary_entry_giza
D:8:      layout_basic, nicolae_overflow_hidden_temple, nzn_life_drinkers
D:9:      layout_roguey, lemuel_crystal_altar, lemuel_round_altar,
          general_overflow_altar
D:10:     layout_basic, grunt_qazlal_sundering, minmay_misc_feat_alley,
          minmay_rotating_lava
D:11:     layout_basic, minmay_lair_entry_grove, enter_bailey_2, kb_rosetta,
          uniq_urug, uniq_sonja
D:12:     layout_rooms, uniq_maurice
Temple:   nicolae_temple_hex_pool
Orc:1:    layout_diamond_mine, rock_pile

Skill      XL: |  1  2  3  4  5  6  7  8  9 10 11 |
---------------+----------------------------------+-----
Short Blades   | 1 2 3 4 5 6 7 8 |  8.0
Fighting       | 3 4 5 6 7 8 |  8.0
Stealth        | 1 3 4 6 7 |  7.9
Invocations    | 1 3 4 6 7 |  7.8
Dodging        | 3 4 5 |  5.5
Evocations     | 2 4 |  4.0
Maces & Flails | |  2.4
Throwing       | |  1.5

Action                   |  1- 3 |  4- 6 |  7- 9 | 10-12 || total
-------------------------+-------+-------+-------+-------++-------
Melee: Short sword       |   142 |   185 |   252 |   213 ||   792
Throw: Dart              |       |       |     3 |       ||     3
Invok: Line Pass         |       |       |       |     1 ||     1
Evoke: Wand              |       |       |    16 |    13 ||    29
  Use: Scroll            |       |     3 |    12 |     6 ||    21
 Stab: Paralysed         |       |     1 |     8 |    13 ||    22
       Sleeping          |       |       |     9 |    11 ||    20
       Confused          |       |       |       |     1 ||     1
Armor: Leather armour    |    17 |       |       |       ||    17
       Ring mail         |    33 |    67 |    90 |    67 ||   257
Dodge: Dodged            |   105 |   125 |   125 |   146 ||   501

Table legend: (Time is in decaauts)
 A = Elapsed time spent in this place.
 B = Non-inter-level travel time spent in this place.
 C = Inter-level travel time spent in this place.
 D = Time resting spent in this place.
 E = Time spent auto-exploring this place.
 F = Levels seen in this place.
 G = Mean time per level.
                   A        B        C        D        E       F      G
               +--------+--------+--------+--------+--------+-----+--------+
         Total |  12502 |  12295 |    207 |   1782 |   7650 |  16 |  781.4 |
       Dungeon |  11588 |  11381 |    207 |   1717 |   7223 |  12 |  965.7 |
        Temple |      1 |      1 |      0 |      0 |      0 |   1 |    1.0 |
  Orcish Mines |     32 |     32 |      0 |      0 |      0 |   1 |   32.0 |
       Ossuary |    431 |    431 |      0 |      0 |    198 |   1 |  431.0 |
        Bailey |    449 |    449 |      0 |     65 |    229 |   1 |  449.0 |
               +--------+--------+--------+--------+--------+-----+--------+

Top non-repeatable levels by time:
     D:7: 1751 daAuts
     D:6: 1655 daAuts
    D:10: 1595 daAuts
     D:3: 1198 daAuts
     D:2: 1093 daAuts
     D:1: 957 daAuts
     D:8: 802 daAuts
     D:9: 706 daAuts
     D:5: 673 daAuts
     D:4: 593 daAuts
  Bailey: 449 daAuts
 Ossuary: 431 daAuts
    D:11: 332 daAuts
    D:12: 228 daAuts
   Orc:1: 32 daAuts
